 Dungeon Crawl Stone Soup version 0.29.0-7-g18a832c13a (webtiles) character file.

Game seed: 10560126938684960747

184 AttackTheMoon the Sneak (level 5, 0/34 HPs)
             Began as a Kobold Delver on Aug 30, 2022.
             Was an Initiate of Ashenzari.
             Splashed by a jelly's acid (4 damage)
             ... on level 4 of the Dungeon.
             The game lasted 00:05:39 (2700 turns).

AttackTheMoon the Sneak (Kobold Delver)             Turns: 2700, Time: 00:05:40

Health: 0/34       AC: -4    Str:  9    XL:     5   Next: 95%
Magic:  5/5        EV: 15    Int: 12    God:    Ashenzari [......]
Gold:   174        SH:  0    Dex: 18    Spells: 4/4 levels left

rFire   . . .      SeeInvis .   a - +1 short sword
rCold   . . .      Faith    .   (no shield)
rNeg    . . .      Spirit   .   b - +0 leather armour
rPois   .          Reflect  .   (no helmet)
rElec   .          Harm     .   q - +0 cloak of Ashenzari's Secrets {Fort, Range} (curse)
rCorr   .          Rampage  .   (no gloves)
Will    .....                   (no boots)
Stlth   ++++......              (no amulet)
HPRegen 0.11/turn               (no ring)
MPRegen 0.09/turn               (no ring)

@: silenced, corroded
A: small, no large weapons, nightstalker 3
a: Renounce Religion, Shatter the Chains


You were on level 4 of the Dungeon.
You worshipped Ashenzari.
Ashenzari was noncommittal.
You visited 2 branches of the dungeon, and saw 6 of its levels.

You collected 174 gold pieces.

Inventory:

Hand Weapons
 a - a +1 short sword (weapon)
 f - a +0 short sword
Missiles
 o - 3 poisoned darts (quivered)
Armour
 b - a +0 leather armour (worn)
 q - the cursed +0 cloak of Ashenzari's Secrets (worn) {Fort, Range}
   (You took it off Crazy Yiuf on level 2 of the Dungeon)

   It has a curse which improves the following skills: Fortitude: Armour and
   Shields.
   Ranged Combat: Ranged Weapons and Throwing.
Wands
 g - a wand of digging (3)
Scrolls
 c - a scroll of fog
 d - 2 scrolls of summoning
 k - 2 scrolls of teleportation
 l - a scroll of blinking
Potions
 h - 2 potions of might
 i - a potion of curing
 j - 3 potions of mutation
 m - a potion of heal wounds {unknown}
 n - a potion of brilliance {unknown}
 p - 2 potions of haste


   Skills:
 + Level 4.4 Fighting
 + Level 4.3 Short Blades
 + Level 4.0 Dodging
 + Level 7.6 Stealth


You had 4 spell levels left.
You didn't know any spells.
Your spell library contained the following spells:

 Spells                   Type           Power      Damage    Failure   Level
 Apportation              Tloc           0%         N/A       43%         1
 Blink                    Tloc           0%         N/A       56%         2
 Portal Projectile        Hex/Tloc       0%         N/A       80%         3
 Freezing Cloud           Conj/Ice/Air   0%         6-21      100%        5


Dungeon Overview and Level Annotations

Branches:
Dungeon (5/15)             Temple (1/1) D:5

Altars:
Ashenzari
Cheibriados
Dithmenos
Elyvilon
Kikubaaqudgha
Nemelex Xobeh
Okawaru
Qazlal
Ru
Uskayaw
Wu Jian
Xom
Yredelemnul


Innate Abilities, Weirdness & Mutations

You are small and have problems with some larger weapons.
You are completely attuned to the shadows.


Message History

You open the door.
There is an open door here.
You open the door.
There is an open door here.
A kobold comes into view. It is wielding a +0 short sword.
The helpless kobold fails to defend itself.
You impale the kobold!!
You kill the kobold!
Things that are here:
a +0 short sword; a kobold corpse
Found 2 boomerangs.
You see here the +7 quarterstaff of Arbitration {drain, rElec rPois rC+ Dex-2}.
A hound comes into view.
The helpless hound fails to defend itself.
You spit the hound like a pig!!!
You kill the hound!
Your Dodging skill increases to level 4!
Found an ornate altar of the Wu Jian Council.
e - a scroll labelled CEOMAN IBASEIRPH
As you read the scroll labelled CEOMAN IBASEIRPH, it crumbles to dust.
A profound silence engulfs you.
It was a scroll of silence.
You open the door.
There is an open door here.
A jelly comes into view.
The jelly quivers.
You hit the jelly.
Your hands burn!
The jelly is moderately wounded.
The jelly barely misses you.
A kobold comes into view. It is wielding a +0 flail.
You hit the jelly. The acid corrodes you!
Your hands burn!
The jelly is heavily wounded.
The jelly hits you. The acid corrodes you!
You are splashed with acid!
You completely miss the jelly.
The jelly is heavily wounded.
The jelly hits you.
* * * LOW HITPOINT WARNING * * *
You are splashed with acid.
* * * LOW HITPOINT WARNING * * *
You hit the jelly but do no damage.
Your hands burn!
You die...

#....# #....#
######._..#
..........#
................
...........P.####
..K. ###'#.P...
...J####.#.P..#
....@.##.#.P..#
#####....#....
#........
........P.
.........P. .h. #
............#..###.
..#..#... ......#
#>.<#


You could see a jelly and a kobold.

Vanquished Creatures
  Crazy Yiuf (D:2)
  2 hounds
  4 adders
  3 orcs
  4 bats
  10 endoplasms
  A giant cockroach (D:1)
  3 hobgoblins
  5 quokkas
  5 ball pythons
  5 frilled lizards
  6 goblins
  5 kobolds
  4 rats
58 creatures vanquished.

Vanquished Creatures (others)
  2 fungi (D:4)
  4 toadstools (D:1)
6 creatures vanquished.

Grand Total: 64 creatures vanquished

Notes
Turn   | Place    | Note
-------+----------+-------------------------------------------
     0 | D:5      | AttackTheMoon the Kobold Delver began the quest for the
                  | Orb.
     0 | D:5      | Reached XP level 1. HP: 14/14 MP: 1/1
    11 | D:5      | Found a staircase to the Ecumenical Temple.
    17 | Temple   | Entered the Ecumenical Temple
   129 | Temple   | Became a worshipper of Ashenzari the Shackled
   158 | D:5      | Reached XP level 2. HP: 19/19 MP: 2/2
   162 | D:5      | Found a snail-covered altar of Cheibriados.
   246 | D:3      | Reached XP level 3. HP: 23/23 MP: 3/3
   261 | D:3      | Found a faded altar of an unknown god.
   310 | D:3      | Reached skill level 7 in Stealth
   546 | D:2      | Reached XP level 4. HP: 29/29 MP: 4/4
   973 | D:2      | Got Ajaynuagg's Parchment of Hazy Elsewhere
  1229 | D:1      | Reached XP level 5. HP: 33/33 MP: 5/5
  1632 | D:1      | You fall into a shaft and drop 1 floor!
  1852 | D:2      | Found a runed translucent door.
  1855 | D:2      | Noticed Crazy Yiuf
  1860 | D:2      | Killed Crazy Yiuf
  2157 | D:3      | Found a stormy altar of Qazlal.
  2633 | D:4      | Identified the +7 quarterstaff of Arbitration {drain, rElec
                  | rPois rC+ Dex-2}
  2678 | D:4      | Found an ornate altar of the Wu Jian Council.
  2700 | D:4      | Splashed by a jelly's acid

Illustrated notes

Levels and vault maps discovered:
D:1:      ldierk_walled_garden_2, layout_basic, patterned_corridor
D:2:      layout_loops_ring, serial_rivers, chequers_serial_rivers_micro_b,
          chequers_serial_rivers_room_a, chequers_serial_rivers_small_a,
          chequers_serial_rivers_micro_b, chequers_serial_rivers_micro_c,
          uniq_crazy_yiuf_cottage
D:3:      layout_loops_ring, nicolae_qazlal_scattered_showers,
          basic_ecumenical_altar, chequers_serial_rivers_marsh
D:4:      layout_basic, grunt_temple_overflow_lords_of_destruction,
          mainiacjoe_overflow_boulevard, lemuel_crystal_altar,
          mainiacjoe_overflow_24_doors
D:5:      layout_basic, mainiacjoe_overflow_tiny_flanked,
          mainiacjoe_overflow_large_starburst, minmay_temple_entry_mist
Temple:   eino_wide_crystal_templ

Skill      XL: |  1  2  3  4  5 |
---------------+----------------+-----
Short Blades   | 3 4 |  4.3
Dodging        | 3 4 |  4.0
Stealth        | 7 |  7.6
Fighting       | 4 |  4.4

Action                   |  1- 3 |  4- 6 || total
-------------------------+-------+-------++-------
Melee: Short sword       |    23 |    72 ||    95
Throw: Dart              |       |     3 ||     3
Invok: Curse Item        |       |     1 ||     1
  Use: Scroll            |     5 |     5 ||    10
       Potion            |       |     2 ||     2
 Stab: Sleeping          |     9 |    32 ||    41
       Distracted        |       |     1 ||     1
Armor: Leather armour    |     1 |     3 ||     4
Dodge: Dodged            |    14 |    23 ||    37
